 Dungeon Crawl Stone Soup version 0.30-a0-141-g30f27751c5 (webtiles) character file.

Game seed: 3723562324964501104

480 qw the Chopper (level 7, 0/43 HPs)
             Began as a Gargoyle Fighter on Sept 25, 2022.
             Slain by Pikel
             ... wielding a +1 whip of flaming
              (1 damage)
             ... on level 4 of the Dungeon.
             The game lasted 00:01:24 (3470 turns).

qw the Chopper (Gargoyle Fighter)                   Turns: 3470, Time: 00:01:25

Health: 0/43       AC: 11    Str: 22    XL:     7   Next: 11%
Magic:  7/7        EV: 10    Int:  8    God:
Gold:   197        SH:  4    Dex:  9    Spells: 6/6 levels left

rFire   + . .      SeeInvis .    Y - +1 broad axe (elec)
rCold   . . .      Faith    .    c - +0 buckler
rNeg    + . .      Spirit   .    l - +1 ring mail {rF+}
rPois   inf        Reflect  .    (no helmet)
rElec   +          Harm     .    (no cloak)
rCorr   .          Rampage  .    (no gloves)
Will    .....                    (no boots)
Stlth   ..........               (no amulet)
HPRegen 0.14/turn                (no ring)
MPRegen 0.10/turn                (no ring)

@: about to teleport
A: sickness immunity, AC +4, negative energy resistance 1, electricity
resistance, torment resistance 1, petrification resistance
a: no special abilities


You were on level 4 of the Dungeon.
You visited 1 branch of the dungeon, and saw 4 of its levels.

You collected 197 gold pieces.


Innate Abilities, Weirdness & Mutations

You are immune to sickness and miasma.
Your stone body is resilient. (AC +4)
You are immune to poison.
You resist negative energy. (rN+)
You are resistant to electric shocks. (rElec)
You are resistant to unholy torment.
You are immune to petrification.


   Skills:
 - Level 4.0 Fighting
 + Level 6.2 Axes
 - Level 3.2 Armour
 - Level 1.3 Dodging
 - Level 3.2 Shields


You had 6 spell levels left.
You didn't know any spells.
Your spell library was empty.

Inventory:

Hand Weapons
 g - the +7 flail of Hiann {vorpal, +Blink rN+++ rCorr Dex-2}
   (You took it off a goblin on level 2 of the Dungeon)

   It inflicts extra damage upon your enemies.
   Dex:       It affects your dexterity (-2).
   rN:        It renders you almost immune to negative energy.
   +Blink:    It lets you blink.
   rCorr:     It protects you from acid and corrosion.
 Y - a +1 broad axe of electrocution (weapon)
Missiles
 i - a boomerang (quivered)
Armour
 b - a +0 scale mail
 c - a +0 buckler (worn)
 l - a +1 ring mail of fire resistance (worn)
Potions
 a - 2 potions of degeneration {unknown}
 d - a potion of might
 e - 5 potions of heal wounds {unknown}
 f - a potion of attraction {unknown}
 h - 3 potions of curing

Dungeon Overview and Level Annotations

Branches:
Dungeon (4/15)
 Temple: D:4-7

Altars:

Annotations:
D:4 Pikel


Message History

Pikel hits you with a +1 whip of flaming!
You hit Pikel.
Pikel is lightly wounded.
You hit the lemure. The lemure closely misses you.
Pikel says, "You'll feel the lick of my whip!"
Pikel completely misses you.
You slash Pikel!
Pikel is moderately wounded.
You closely miss the lemure. The lemure hits you but does no damage.
Pikel hits you but does no damage.
You barely miss Pikel.
Pikel is moderately wounded.
You closely miss the lemure. x2
You block the lemure's attack.
Pikel hits you with a +1 whip of flaming!
Pikel burns you. The lemure barely misses you. x2
You block the lemure's attack. You block Pikel's attack.
You closely miss Pikel.
Pikel is moderately wounded.
You hit the lemure but do no damage. You closely miss the lemure.
You block the lemure's attack. x2
Pikel hits you with a +1 whip of flaming.
You slash Pikel!
Pikel is severely wounded.
You barely miss the lemure. You closely miss the lemure. The lemure hits you.
The lemure hits you but does no damage. Pikel completely misses you.
3469 ||| READING scroll of teleportation.
As you read the scroll of teleportation, it crumbles to dust.
You feel strangely unstable. The lemure barely misses you.
Pikel hits you but does no damage. The lemure closely misses you.
You closely miss Pikel.
Pikel is heavily wounded.
You hit the lemure but do no damage. x2
The lemure hits you.
Pikel hits you with a +1 whip of flaming.
Pikel burns you.
You die...

####### #.....# #. #
#.....##.. ..
##......#..### ...
#.......#.##.#####
#...#.......#.##.....###
#.........##.##.......#
#...5...###.#.........
##..K@....(.#.........
#.....5#......#.........
...###########..........
# #..........
##......... #.........
##......## #..#####
##..#


You could see Pikel and 2 lemures.

Vanquished Creatures
  Grinder (D:3)
  2 lemures (D:4)
  A scorpion (D:2)
  Jessica (D:3)
  Ijyb (D:3)
  An orc wizard (D:3)
  6 adders
  2 worms (D:2)
  4 dart slugs
  4 orcs (D:3)
  8 bats
  4 endoplasms
  4 giant cockroaches
  6 goblins
  7 hobgoblins
  3 jackals
  3 quokkas
  7 ball pythons
  A frilled lizard (D:2)
  7 kobolds
  11 rats
84 creatures vanquished.

Notes
Turn   | Place    | Note
-------+----------+-------------------------------------------
     0 | D:1      | qw the Gargoyle Fighter began the quest for the Orb.
     0 | D:1      | Reached XP level 1. HP: 14/14 MP: 1/1
     0 | D:1      | 0 ||| qw: Version: 0.2-a-10-g399e6c4
     0 | D:1      | 0 ||| qw: Game counter: 199
     0 | D:1      | 0 ||| qw: Always use a shield: true
     0 | D:1      | 0 ||| qw: God list: Okawaru
     0 | D:1      | 0 ||| qw: Allow faded altars: false
     0 | D:1      | 0 ||| qw: Do Orc after D:15 true
     0 | D:1      | 0 ||| qw: Do second Lair branch before Depths: true
     0 | D:1      | 0 ||| qw: Lair rune preference: random
     0 | D:1      | 0 ||| qw: Plans: Normal, Zot:1-4, God:TSO, Crypt, Tomb,
                  | Pan, Slime:5, Hells, Abyss, Orb
     0 | D:1      | 0 ||| PLANNING D:1-11
   226 | D:1      | Reached skill level 2 in Axes
   493 | D:1      | Found a faded altar of an unknown god.
   527 | D:1      | Reached XP level 2. HP: 18/19 MP: 2/2
   637 | D:1      | 637 ||| Stepping ~*~*~tactically~*~*~ (water).
   857 | D:1      | 857 ||| READING scroll labelled HOYR FAKLOCS.
   858 | D:1      | 858 ||| Stepping randomly (stuck).
   859 | D:1      | 859 ||| Stepping randomly (stuck).
   860 | D:1      | 860 ||| Stepping randomly (stuck).
   861 | D:1      | 861 ||| Stepping randomly (stuck).
   864 | D:1      | Reached skill level 3 in Axes
   874 | D:1      | 874 ||| Stepping randomly (stuck).
   875 | D:1      | 875 ||| Stepping randomly (stuck).
   876 | D:1      | 876 ||| Stepping randomly (stuck).
   877 | D:1      | 877 ||| Stepping randomly (stuck).
   878 | D:1      | 878 ||| Stepping randomly (stuck).
   913 | D:1      | Reached XP level 3. HP: 23/23 MP: 3/3
  1178 | D:1      | 1178 ||| READING scroll labelled KEXZOTR NUOTHRO.
  1179 | D:1      | 1179 ||| READING scroll labelled MUVACW UZITROY.
  1210 | D:2      | 1210 ||| STAIRDANCE
  1215 | D:2      | 1215 ||| STAIRDANCE
  1229 | D:2      | 1229 ||| Stepping ~*~*~tactically~*~*~ (stealth).
  1248 | D:2      | 1248 ||| FLEEEEING.
  1249 | D:2      | 1249 ||| STAIRDANCE
  1306 | D:2      | 1306 ||| STAIRDANCE
  1313 | D:2      | 1313 ||| Stepping ~*~*~tactically~*~*~ (stealth).
  1315 | D:2      | 1315 ||| Stepping ~*~*~tactically~*~*~ (stealth).
  1318 | D:2      | Reached XP level 4. HP: 28/28 MP: 4/4
  1327 | D:2      | 1327 ||| Stepping ~*~*~tactically~*~*~ (stealth).
  1329 | D:2      | 1329 ||| Stepping ~*~*~tactically~*~*~ (stealth).
  1347 | D:2      | 1347 ||| Stepping ~*~*~tactically~*~*~ (stealth).
  1359 | D:2      | Identified the +7 flail of Hiann {vorpal, +Blink rN+++
                  | rCorr Dex-2}
  1399 | D:2      | 1399 ||| DROPPING +0 whip.
  1485 | D:2      | Reached skill level 4 in Axes
  1618 | D:2      | 1618 ||| Stepping ~*~*~tactically~*~*~ (stealth).
  1710 | D:2      | 1710 ||| Stepping ~*~*~tactically~*~*~ (stealth).
  1712 | D:2      | 1712 ||| Stepping ~*~*~tactically~*~*~ (hiding).
  2059 | D:2      | Noticed a scorpion
  2061 | D:2      | 2061 ||| Stepping ~*~*~tactically~*~*~ (stealth).
  2073 | D:2      | Killed a scorpion
  2074 | D:2      | Reached XP level 5. HP: 15/32 MP: 5/5
  2123 | D:2      | 2123 ||| Stepping ~*~*~tactically~*~*~ (stealth).
  2365 | D:2      | 2365 ||| DROPPING orb of energy.
  2366 | D:2      | 2366 ||| READING scroll labelled PITIPP AZIL.
  2367 | D:2      | 2367 ||| READING scroll labelled VAATEDWIZOU.
  2368 | D:2      | 2368 ||| READING scroll labelled MUOTRE ISIRYNG.
  2369 | D:2      | 2369 ||| READING scroll labelled UCOLEC SEK GOR.
  2370 | D:2      | 2370 ||| READING scroll labelled YDIAHU MOTZAFA.
  2371 | D:2      | 2371 ||| READING scroll labelled BOISEZX LAGOCI.
  2371 | D:2      | Identified a scroll of acquirement
  2371 | D:2      | 2371 ||| ACQUIRING +1 broad axe of electrocution
  2371 | D:2      | Acquired a +1 broad axe of electrocution
  2373 | D:2      | 2373 ||| SWAPPING to +1 broad axe of electrocution.
  2374 | D:2      | 2374 ||| DROPPING +1 war axe.
  2375 | D:2      | 2375 ||| READING scroll labelled KOGEGU OBIT.
  2376 | D:2      | 2376 ||| DRINKING 2 cyan potions.
  2377 | D:2      | 2377 ||| DROPPING potion of magic.
  2484 | D:3      | Reached skill level 5 in Axes
  2727 | D:3      | 2727 ||| Stepping ~*~*~tactically~*~*~ (hiding).
  2728 | D:3      | 2728 ||| Stepping ~*~*~tactically~*~*~ (hiding).
  2845 | D:3      | Noticed Ijyb
  2852 | D:3      | Killed Ijyb
  2853 | D:3      | Reached skill level 1 in Dodging
  2853 | D:3      | Reached XP level 6. HP: 29/38 MP: 6/6
  2936 | D:3      | Noticed Grinder
  2949 | D:3      | Killed Grinder
  2950 | D:3      | Reached skill level 6 in Axes
  2950 | D:3      | Reached XP level 7. HP: 32/43 MP: 7/7
  3204 | D:3      | Noticed Jessica
  3207 | D:3      | Killed Jessica
  3261 | D:3      | 3261 ||| UPGRADING to +1 ring mail of fire resistance.
  3271 | D:3      | 3271 ||| READING scroll labelled SIM FOG TOR.
  3272 | D:3      | 3272 ||| DRINKING 3 orange potions.
  3455 | D:4      | Noticed Pikel
  3468 | D:4      | HP: 9/43 [lemure[Pikel] (3)]
  3469 | D:4      | 3469 ||| READING scroll of teleportation.
  3470 | D:4      | HP: 1/43 [Pikel/+1 whip of flaming (4)]
  3470 | D:4      | Slain by Pikel

Levels and vault maps discovered:
D:1:      dpeg_arrival_short_road, layout_basic,
          chequers_ecumenical_altar_island, amcnicky_mini_pool_small,
          hangedman_glass_teeth
D:2:      minmay_diamond_boxcup, layout_basic, minmay_pentomino_w4
D:3:      layout_basic, fountainhead, item_on_display_a, uniq_grinder,
          uniq_ijyb, uniq_jessica
D:4:      layout_cave_pods, nzn_wu_jian_contemplation, uniq_sigmund, uniq_pikel,
          uniq_edmund

Skill      XL: |  1  2  3  4  5  6 |
---------------+-------------------+-----
Axes           | 2 3 4 5 6 |  6.2
Fighting       | 4 |  4.0
Dodging        | 1 |  1.3
Armour         | |  3.2
Shields        | |  3.2

Action                   |  1- 3 |  4- 6 |  7- 9 || total
-------------------------+-------+-------+-------++-------
Melee: War axe           |    90 |    78 |       ||   168
       Broad axe         |       |    57 |    23 ||    80
Throw: Boomerang         |       |     5 |    11 ||    16
  Use: Scroll            |     3 |     7 |     2 ||    12
       Potion            |       |     1 |     1 ||     2
Armor: Scale mail        |    55 |    71 |       ||   126
       Ring mail         |       |       |     6 ||     6
Dodge: Dodged            |    47 |    61 |    15 ||   123
Block: Buckler           |    27 |    31 |     7 ||    65

Table legend:
 A = Non-vault XP
 B = Vault XP
 C = Vault XP percentage of total XP
 D = Non-vault monster count
 E = Vault monster count
 F = Vault count percentage of total count
                 A         B        C        D         E       F
            +---------+---------+-------+---------+---------+-------
      Total |     209 |     477 |  69.5 |      63 |      19 |  23.2
            +---------+---------+-------+---------+---------+-------
        D:1 |      53 |       1 |   1.9 |      24 |       1 |   4.0
        D:2 |      35 |     127 |  78.4 |      14 |      15 |  51.7
        D:3 |     107 |     349 |  76.5 |      24 |       3 |  11.1
        D:4 |      14 |       0 |   0.0 |       1 |       0 |   0.0
            +---------+---------+-------+---------+---------+-------
